 Dungeon Crawl Stone Soup version 0.31-a0-1178-gc5c9b8f871 (webtiles) character file.

Game seed: 7337658985339562251

157 senseless the Ducker (level 5, -1/41 HPs)
             Began as a Demonspawn Gladiator on Dec 11, 2023.
             Was a High Priest of Ignis.
             Succumbed to a scorpion's poison
             ... on level 4 of the Dungeon.
             The game lasted 00:05:34 (2761 turns).

senseless the Ducker (Demonspawn Gladiator)         Turns: 2761, Time: 00:05:35

Health: -1/41      AC:  4    Str: 14    XL:     5   Next: 15%
Magic:  14/14      EV: 13    Int:  8    God:    Ignis [*****.]
Gold:   159        SH:  0    Dex: 17    Spells: 4/4 levels left

rFire   + . .        t - +0 falchion (freeze)
rCold   . . .        (no shield)
rNeg    . . .        b - +0 leather armour
rPois   .            c - +0 helmet
rElec   .            (no cloak)
rCorr   .            (no gloves)
SInv    .            (no boots)
Will    .....        o - amulet of magic regeneration
Stlth   +            j - ring of magical power
HPRegen 0.26/turn    (no ring)
MPRegen 0.54/turn

%: no passive effects
@: lethally poisoned (-1 -> -17)
A: demonic guardian 2, ignite blood 1
a: Renounce Religion, Fiery Armour, Foxfire Swarm, Rising Flame


You were on level 4 of the Dungeon.
You worshipped Ignis.
Ignis was extremely pleased with you.
You visited 1 branch of the dungeon, and saw 4 of its levels.

You collected 159 gold pieces.

Inventory:

Hand Weapons
 a - a +0 long sword
 t - a +0 falchion of freezing (weapon)
Missiles
 d - 3 throwing nets
 e - a javelin
 u - 8 poisoned darts
Armour
 b - a +0 leather armour (worn)
 c - a +0 helmet (worn)
Jewellery
 j - a ring of magical power (left hand)
 o - an amulet of magic regeneration (around neck)
Wands
 r - a wand of paralysis (7) (quivered)
Scrolls
 g - 2 scrolls of fog {unknown}
 l - 2 scrolls of identify {unknown}
 m - a scroll of revelation {unknown}
 s - a scroll of enchant armour {unknown}
Potions
 f - a potion of lignification {unknown}
 h - 2 potions of attraction {unknown}
 i - a potion of enlightenment {unknown}
 k - a potion of heal wounds {unknown}
 n - a potion of degeneration {unknown}
 p - 2 potions of curing {unknown}
 q - a potion of might {unknown}


   Skills:
 + Level 3.1 Fighting
 + Level 3.5 Long Blades
 + Level 2.8 Throwing
 + Level 3.5 Dodging


You had 4 spell levels left.
You didn't know any spells.
Your spell library contained the following spells:

 Spells                   Type           Power      Damage    Failure   Level
 Blink                    Tloc           0%         N/A       63%         2
 Manifold Assault         Tloc           0%         N/A       99%         4


Dungeon Overview and Level Annotations

Branches:
Dungeon (4/15)
 Temple: D:4-7

Altars:
Ashenzari
Ignis


Innate Abilities, Weirdness & Mutations

A demonic guardian rushes to your aid.
Your demonic aura sometimes causes spilled blood to erupt in flames.


Message History

Something barely misses your orange demon.
You start resting.
Something misses your orange demon.
You start resting.
Your orange demon disappears in a puff of smoke!
The scorpion stings you.
You hit the scorpion but do no damage.
The scorpion is lightly wounded.
The scorpion barely misses you.
You closely miss the scorpion.
The scorpion is lightly wounded.
The scorpion closely misses you.
You barely miss the scorpion.
The scorpion is lightly wounded.
The scorpion misses you. x2
You slash the scorpion! You freeze the scorpion.
The scorpion is severely wounded.
The scorpion closely misses you.
You barely miss the scorpion.
The scorpion is severely wounded.
The scorpion stings you but does no damage.
You closely miss the scorpion.
The scorpion is severely wounded.
The scorpion closely misses you. The scorpion stings you.
You barely miss the scorpion.
The scorpion is severely wounded.
The scorpion stings you!
* * * LOW HITPOINT WARNING * * *
You are lethally poisoned!
The scorpion poisons you!
You barely miss the scorpion.
The scorpion is severely wounded.
* * * LOW HITPOINT WARNING * * *
You feel very sick. The scorpion stings you.
* * * LOW HITPOINT WARNING * * *
A demonic guardian appears!
You are more poisoned.
The scorpion poisons you!
You swap places.
You die...

#.# #.# #.#####
###########.....####
...<##............##
##.#.#...####'###...#
#.<#.#..#8..#...8#
#....+..#....#...#
#..#.#..#@..#....#
#.......##4#$#.#.+
#.........+s#.#?#.##
...........#....#...#
..........#.#...#....#
#######.#.#.#8...#..8#
#.#.#..###+####..
#.#.#... .. #.#.# ...


You could see a friendly ice devil (summoned).

Vanquished Creatures
  5 adders
  3 gnolls (D:3)
  A dart slug (D:3)
  4 orcs (D:3)
  9 bats
  7 endoplasms
  A giant cockroach (D:1)
  2 goblins (D:1)
  7 hobgoblins
  6 jackals (D:2)
  2 quokkas
  8 ball pythons
  5 frilled lizards
  4 kobolds
  6 rats
70 creatures vanquished.

Vanquished Creatures (collateral kills)
  An orc (D:3)
  An endoplasm (D:3)
  A hobgoblin (D:3)
3 creatures vanquished.

Grand Total: 73 creatures vanquished

Notes
Turn   | Place    | Note
-------+----------+-------------------------------------------
     0 | D:1      | senseless the Demonspawn Gladiator began the quest for the
                  | Orb.
     0 | D:1      | Reached XP level 1. HP: 16/16 MP: 1/1
   240 | D:1      | Gained mutation: Your demonic aura sometimes causes spilled
                  | blood to erupt in flames. [demonic ancestry]
   240 | D:1      | Reached XP level 2. HP: 19/22 MP: 2/2
  1012 | D:2      | Reached XP level 3. HP: 24/28 MP: 3/3
  1070 | D:2      | Found a faded altar of an unknown god.
  1077 | D:2      | Prayed at the altar of an unknown god.
  1077 | D:2      | Became a worshipper of Ignis, the Dying Flame
  1618 | D:2      | Gained mutation: A weak demonic guardian rushes to your
                  | aid. [demonic ancestry]
  1618 | D:2      | Reached XP level 4. HP: 30/34 MP: 4/4
  1818 | D:3      | Found a broken altar of Ashenzari.
  2498 | D:3      | Gained mutation: A demonic guardian rushes to your aid.
                  | [demonic ancestry]
  2498 | D:3      | Reached XP level 5. HP: 41/41 MP: 5/5
  2761 | D:4      | Succumbed to a scorpion's poison

Illustrated notes

Levels and vault maps discovered:
D:1:      minmay_arrival_stone_box, layout_loops_cross, minmay_pentomino_q2
D:2:      layout_loops_ring, dreamdust_ecumenical_altar_statues
D:3:      layout_basic, ashenzari_conservatory_becter, roderic_roman_lattice
D:4:      dreamdust_elfheim, layout_basic, kennysheep_mini_moat, minivault_1,
          kennysheep_generic_room_11

Skill      XL: |  1  2  3  4 |
---------------+-------------+-----
Throwing       | 2 |  2.8
Dodging        | 3 |  3.5
Long Blades    | 3 |  3.5
Fighting       | 3 |  3.1

Action                     |  1- 3 |  4- 6 || total
---------------------------+-------+-------++-------
  Melee: Long sword        |   139 |    47 ||   186
         Falchion          |       |    55 ||    55
   Stab: Sleeping          |     2 |     1 ||     3
 Armour: Leather armour    |    83 |    59 ||   142
  Dodge: Dodged            |   100 |    96 ||   196

Table legend: (Time is in decaauts)
 A = Elapsed time spent in this place.
 B = Non-inter-level travel time spent in this place.
 C = Inter-level travel time spent in this place.
 D = Time resting spent in this place.
 E = Time spent auto-exploring this place.
 F = Levels seen in this place.
 G = Mean time per level.
                   A        B        C        D        E       F      G
               +--------+--------+--------+--------+--------+-----+--------+
         Total |   2813 |   2690 |    123 |     66 |   2006 |   4 |  703.2 |
       Dungeon |   2813 |   2690 |    123 |     66 |   2006 |   4 |  703.2 |
               +--------+--------+--------+--------+--------+-----+--------+

Top non-repeatable levels by time:
     D:2: 1028 daAuts
     D:3: 986 daAuts
     D:1: 729 daAuts
     D:4: 68 daAuts
